 Dungeon Crawl Stone Soup version 0.19.1 (webtiles) character file.

372 Alarkh the Grave Robber (level 6, 0/41 HPs)
             Began as a Mummy Necromancer on Dec 19, 2016.
             Slain by a worker ant zombie (1 damage)
             ... summoned by the darkness of Dithmenos
             ... on level 5 of the Dungeon.
             The game lasted 00:04:19 (2639 turns).

Alarkh the Grave Robber (Mummy Necromancer)         Turns: 2639, Time: 00:04:20

Health: 0/41       AC:  3    Str: 12    XL:     6   Next: 43%
Magic:  10/22      EV: 12    Int: 16    God:
Gold:   271        SH:  0    Dex: 12    Spells: 3 memorised, 6 levels left

rFire  x . .     SeeInvis .     l - +0 long sword
rCold  + + .     Gourm    .     a - +0 robe
rNeg   + + +     Faith    .     (no shield)
rPois  ∞         Spirit   .     (no helmet)
rElec  .         Reflect  .     (no cloak)
rCorr  .         Harm     .     f - +0 pair of gloves
MR     .....                    (no boots)
Stlth  +.........               (no amulet)
                                n - ring of protection from cold
                                c - ring of magical power

@: confused, very slightly contaminated
A: no food or potions, fire vulnerability, cold resistance 1, negative energy
resistance 3, torment resistance, unbreathing
a: no special abilities


You were on level 5 of the Dungeon.
You were not hungry.

You visited 1 branch of the dungeon, and saw 5 of its levels.

You collected 271 gold pieces.

Inventory:

Hand Weapons
 d - a +0 dagger
 l - a +0 long sword (weapon)
Armour
 a - a +0 robe (worn)
 f - a +0 pair of gloves (worn)
 m - a +0 buckler
Jewellery
 c - a ring of magical power (left hand)
 n - a ring of protection from cold (right hand)
Scrolls
 e - a scroll of identify
 g - a scroll of fear
 h - 3 scrolls of remove curse
 i - 2 scrolls of magic mapping
 j - 2 scrolls of amnesia {unknown}
 k - a scroll of noise {unknown}
 o - a scroll of fog {unknown}
 p - 3 scrolls of random uselessness {unknown}
 q - a scroll of recharging {unknown}
 r - a scroll of blinking {unknown}
 s - a scroll of teleportation {unknown}
 t - 2 scrolls of immolation {unknown}
Books
 b - a book of Necromancy

   Spells                             Type                      Level
   a - Pain                           Necromancy                   1
   b - Animate Skeleton               Necromancy                   1
   c - Vampiric Draining              Necromancy                   3
   d - Regeneration                   Charms/Necromancy            3
   e - Animate Dead                   Necromancy                   4
   f - Control Undead                 Necromancy                   4


   Skills:
 - Level 1.5 Dodging
 - Level 1.5 Stealth
 + Level 4.8 Spellcasting
 + Level 6.0 Necromancy


You had 6 spell levels left.
You knew the following spells:

 Your Spells              Type           Power        Failure   Level  Hunger
a - Pain                  Necr           ###.         1%          1    N/A
b - Vampiric Draining     Necr           ###.......   4%          3    N/A
c - Control Undead        Necr           ###.......   14%         4    N/A

Dungeon Overview and Level Annotations

Branches:
Dungeon (5/15)
 Temple: D:4-7

Altars:
Ashenzari
Dithmenos


Innate Abilities, Weirdness & Mutations

You do not eat or drink.
Your flesh is vulnerable to fire.
You are immune to poison.
Your flesh is cold resistant. (rC+)
You are immune to negative energy. (rN+++)
You are immune to unholy pain and torment.
You can survive without breathing.


Message History

The centaur warrior skeleton hits you.
* * * LOW HITPOINT WARNING * * *
The worker ant zombie misses you.
Casting: Control Undead
Confirm with . or Enter, or press ? or * to list all spells.
You miscast Control Undead.
Nothing appears to happen.
The centaur warrior skeleton hits you.
* * * LOW HITPOINT WARNING * * *
The centaur warrior skeleton hits you but does no damage.
The worker ant zombie bites you but does no damage.
Dithmenos calls forth shadows to punish you.
The divine experience confuses you!
You are confused.
A shadow comes into view.
You're too confused to cast spells.
There isn't anything here!
You hit the worker ant zombie.
The worker ant zombie is heavily damaged.
The centaur warrior skeleton completely misses you.
The worker ant zombie bites you.
You die...

######### #........
#.####### #.# #.# #.#
...#############.####
.....FZ@ZW....>#.#..#
...########.####.#..#
..#.# #.#..# ###.#.#
#.#..# ...#.####.#..#
#..#......#..#
#..########..#### #.<#
#......
########.#########.#####


You could see a shadow, a bullfrog, a worker ant zombie and a centaur warrior
skeleton.

Vanquished Creatures
  A scorpion (D:4)
  A bullfrog zombie (D:5)
  An iguana (D:4)
  Jessica (D:2)
  Ijyb (D:3)
  2 worker ants (D:4)
  5 gnolls
  4 adders
  A worm (D:3)
  4 leopard geckos
  5 orcs
  A ball python (D:2)
  3 bats
  2 giant cockroaches
  13 goblins
  6 hobgoblins
  3 jackals (D:3)
  2 quokkas (D:3)
  A ball python skeleton (D:4)
  6 frilled lizards
  7 kobolds
  A leopard gecko skeleton (D:4)
  7 rats
78 creatures vanquished.

Notes
Turn   | Place    | Note
-------+----------+-------------------------------------------
     0 | D:1      | Alarkh the Mummy Necromancer began the quest for the Orb.
     0 | D:1      | Reached XP level 1. HP: 13/13 MP: 3/3
   290 | D:1      | Reached XP level 2. HP: 19/19 MP: 5/5
   858 | D:2      | Reached XP level 3. HP: 23/24 MP: 7/7
   863 | D:2      | Learned a level 3 spell: Vampiric Draining
   883 | D:2      | Found a faded altar of an unknown god.
   897 | D:2      | Became a worshipper of Dithmenos the Shadowed
   897 | D:2      | Reached * piety under Dithmenos
   898 | D:2      | Fell from the grace of Dithmenos
  1162 | D:2      | Noticed Jessica
  1166 | D:2      | Killed Jessica
  1166 | D:2      | Reached XP level 4. HP: 29/30 MP: 9/9
  1246 | D:3      | Noticed Ijyb
  1253 | D:3      | Killed Ijyb
  1253 | D:3      | Reached skill level 5 in Necromancy
  1275 | D:3      | Learned a level 4 spell: Control Undead
  1488 | D:3      | Found a shattered altar of Ashenzari.
  1557 | D:3      | Reached XP level 5. HP: 33/35 MP: 10/10
  1946 | D:4      | Reached XP level 6. HP: 25/41 MP: 3/12
  1999 | D:4      | Noticed a shadow demon
  1999 | D:4      | Noticed a shadow demon
  1999 | D:4      | Noticed a shadow demon
  2005 | D:4      | Noticed a hellwing
  2351 | D:4      | Noticed an ice beast
  2353 | D:5      | Entered Level 5 of the Dungeon
  2454 | D:5      | Reached skill level 6 in Necromancy
  2638 | D:5      | HP: 1/41 [centaur warrior skeleton[the darkness of Dithmenos] (5)]
  2639 | D:5      | Noticed a shadow
  2639 | D:5      | Slain by a worker ant zombie

Skill      XL: |  1  2  3  4  5  6 |
---------------+-------------------+-----
Spellcasting   | 3 4 |  4.8
Necromancy     | 5 6 |  6.0
Dodging        | |  1.5
Stealth        | |  1.5

Action                   |  1- 3 |  4- 6 || total
-------------------------+-------+-------++-------
Melee: Long sword        |       |    23 ||    23
 Cast: Pain              |    46 |   120 ||   166
       Control Undead    |       |     1 ||     1
Invok: Renounce Religion |     1 |       ||     1
  Use: Scroll            |     1 |     3 ||     4
Armor: Robe              |     1 |    11 ||    12
Dodge: Dodged            |     1 |    48 ||    49
       Rpst.: Long sword |       |    15 ||    15
